 Dungeon Crawl Stone Soup version 0.30.1 (webtiles) character file.

Game seed: 1165575564805743815

352 tizbic2 the Shooter (level 6, -19/47 HPs)
             Began as a Formicid Hunter on July 2, 2023.
             Was a Believer of Elyvilon.
             Demolished by an ogre
             ... wielding a +0 giant club
              (24 damage)
             ... on level 4 of the Dungeon on July 5, 2023.
             The game lasted 00:09:45 (2331 turns).

tizbic2 the Shooter (Formicid Hunter)               Turns: 2331, Time: 00:09:46

Health: -19/47     AC: 13    Str: 17    XL:     6   Next: 94%
Magic:  6/7        EV:  8    Int:  9    God:    Elyvilon [**....]
Gold:   85         SH:  0    Dex: 17    Spells: 5/5 levels left

rFire   . . .        k - +1 dagger (venom)
rCold   . . .        (no shield)
rNeg    . . .        f - +0 chain mail
rPois   .            (helmet unavailable)
rElec   .            v - +2 cloak {Will+}
rCorr   .            e - +0 pair of gloves
SInv    +            (no boots)
Will    +....        (no amulet) Stlth
                     c - ring of flight
HPRegen 0.27/turn    (no ring)
MPRegen 0.10/turn

%: no passive effects
@: flying
A: permanent stasis, dig shafts and tunnels, antennae 3, four strong arms
a: Dig, Shaft Self, Renounce Religion, Purification, Heal Other


You were on level 4 of the Dungeon.
You worshipped Elyvilon.
Elyvilon was pleased with you.
You visited 1 branch of the dungeon, and saw 4 of its levels.

You collected 85 gold pieces.

Inventory:

Hand Weapons
 a - the +4 spear of Famungam {flame, rF+}
   (You found it on level 4 of the Dungeon)

   rF:        It protects you from fire.
 h - a +2 dagger of holy wrath
 k - a +1 dagger of venom (weapon)
 l - a +2 dagger of speed
 p - a +1 dagger of flaming
 w - a +0 shortbow
 y - a +4 dagger
Armour
 e - a +0 pair of gloves (worn)
 f - a +0 chain mail (worn)
 v - a +2 cloak of willpower (worn)
Jewellery
 c - a ring of flight (left hand)
Wands
 j - a wand of flame (20)
 q - a wand of light (10)
Scrolls
 b - a scroll of immolation
 m - a scroll of enchant armour {unknown}
 n - a scroll of enchant weapon {unknown}
 t - a scroll of identify {unknown}
 x - a scroll of torment {unknown}
Potions
 d - 4 potions of curing {unknown}
 g - 2 potions of heal wounds {unknown}
 i - a potion of attraction {unknown}
 o - 2 potions of brilliance {unknown}
 r - a potion of haste {unknown}
 s - a potion of berserk rage {unknown}
 u - 2 potions of degeneration {unknown}
 z - 2 potions of cancellation {unknown}


   Skills:
 + Level 3.3 Fighting
 * Level 5.3 Ranged Weapons
 * Level 3.6 Armour
 - Level 1.9 Dodging
 - Level 1.5 Stealth
 + Level 2.6 Shields
 + Level 2.4 Invocations


You had 5 spell levels left.
You didn't know any spells.
Your spell library contained the following spells:

 Spells                   Type           Power      Damage    Failure   Level
 Sandblast                Erth           0%         2d4       99%         1
 Passwall                 Tmut/Erth      0%         N/A       99%         2
 Gell's Gravitas          Tloc           0%         N/A       100%        3
 Stone Arrow              Conj/Erth      0%         3d7       100%        3
 Teleport Other           Tloc           0%         N/A       100%        3
 Dispersal                Tloc           0%         N/A       100%        6


Dungeon Overview and Level Annotations

Branches:
Dungeon (4/15)
 Temple: D:4-7

Altars:
Elyvilon
Trog
Yredelemnul

Shops:
D:2 (

Annotations:
D:4 1 runed translucent door


Innate Abilities, Weirdness & Mutations

You cannot be hasted, slowed, berserked, paralysed or teleported.
You can dig through walls and to a lower floor.
You have a pair of large antennae on your head. (SInv)
Your four strong arms can wield two-handed weapons with a shield.


Message History

The human hits you.
You now have 85 gold pieces (gained 7).
u - 2 fizzy golden potions (gained 1)
Okay, then.
An adder comes into view.
The adder hisses angrily.
The adder bites you.
Press: ? - help, Dir - move target, f - adder Heal: an adder (chance to pacify: 80%)
You fail to use your ability.
The adder bites you but does no damage.
Press: ? - help, Dir - move target, f/p - adder Heal: an adder (chance to pacify: 80%)
The adder turns neutral.
Found a runed translucent gate.
An ogre comes into view. It is wielding a +0 giant club.
The ogre shouts!
Press: ? - help, Dir - move target, f - ogre Heal: an ogre, wielding a +0 giant club (chance to pacify: 5%)
You puncture the ogre! You burn the ogre.
The ogre is heavily wounded.
The ogre hits you with a +0 giant club!
You barely miss the ogre.
The ogre is heavily wounded.
The ogre hits you with a +0 giant club!
The +4 spear of Famungam {flame, rF+} stops flaming.
Your +1 dagger of venom begins to drip with poison!
k - a +1 dagger of venom (weapon)
You hit the ogre.
The ogre is poisoned.
The ogre is heavily wounded.
The ogre hits you with a +0 giant club!
* * * LOW HITPOINT WARNING * * *
You hit the ogre.
The ogre looks as sick as possible!
You punch the ogre, but do no damage.
The ogre is severely wounded.
The ogre attacks as you move away! The ogre hits you with a +0 giant club!
* * * LOW HITPOINT WARNING * * *
The ogre attacks as you move away!
The ogre hits you with a +0 giant club!!
Ouch! That really hurt!
You die...

.. .. #. + #.
.. ### #.#
...###..#..#
#.....#..#
#....#O.# #.@##
##.## .###
##.## ####
..{.S###.##
###...##
#......#
##......#
#####.##
##......# #.##
##......# #..#
##.......#
#..###.......##


You could see an ogre (extremely poisoned).

Vanquished Creatures
  A black bear (D:2)
  A phantom (D:4)
  Ijyb (D:3)
  Robin (D:2)
  5 adders
  A white imp (D:4)
  2 worms
  3 dart slugs
  3 endoplasms
  5 giant cockroaches
  13 goblins
  8 hobgoblins
  3 jackals (D:4)
  6 quokkas
  4 ball pythons
  3 bats
  3 frilled lizards
  11 kobolds
  3 rats
77 creatures vanquished.

Notes
Turn   | Place    | Note
-------+----------+-------------------------------------------
     0 | D:1      | tizbic2 the Formicid Hunter began the quest for the Orb.
     0 | D:1      | Reached XP level 1. HP: 16/16 MP: 1/1
   205 | D:1      | Reached XP level 2. HP: 23/23 MP: 2/2
   266 | D:1      | Found a faded altar of an unknown god.
   515 | D:1      | Reached skill level 1 in Armour
   515 | D:1      | Reached XP level 3. HP: 24/26 MP: 3/3
   816 | D:2      | Reached skill level 1 in Shields
   907 | D:2      | Reached skill level 1 in Invocations
   907 | D:2      | Reached XP level 4. HP: 34/34 MP: 4/4
   943 | D:2      | Noticed Robin
   966 | D:2      | Killed Robin
  1014 | D:2      | Found a white marble altar of Elyvilon.
  1023 | D:2      | Became a worshipper of Elyvilon the Healer
  1267 | D:2      | Found Mewej's Antique Weapon Boutique.
  1496 | D:2      | Reached * piety under Elyvilon
  1537 | D:3      | Noticed Ijyb
  1537 | D:3      | Noticed a black bear
  1553 | D:2      | Killed a black bear
  1554 | D:2      | Reached XP level 5. HP: 26/40 MP: 4/6
  1629 | D:3      | Killed Ijyb
  1630 | D:3      | Reached skill level 5 in Ranged Weapons
  1630 | D:3      | Reached XP level 6. HP: 30/47 MP: 7/7
  1750 | D:3      | Found a bloodstained altar of Trog.
  2144 | D:4      | Reached ** piety under Elyvilon
  2179 | D:4      | Identified the +4 spear of Famungam {flame, rF+}
  2233 | D:4      | Found a runed translucent door.
  2233 | D:4      | Noticed a human
  2251 | D:4      | Found a basalt altar of Yredelemnul.
  2323 | D:4      | Found a runed translucent gate.
  2324 | D:4      | Noticed an ogre
  2331 | D:4      | Demolished by an ogre

Illustrated notes

Levels and vault maps discovered:
D:1:      spicycebolla_arrival_xxxplode, layout_basic,
          chequers_ecumenical_altar_simple
D:2:      layout_basic, basic_altar, serial_shops, nicolae_shop_window_shopping,
          uniq_robin
D:3:      layout_rooms, trog_three_pillars_becter, uniq_ijyb
D:4:      layout_cave_pods, dk_yredelemnul_ordeal, gammafunk_ghost_nasty_kobolds

Skill      XL: |  1  2  3  4  5  6 |
---------------+-------------------+-----
Armour         | 1 2 3 |  3.6
Shields        | 1 2 |  2.6
Invocations    | 1 2 |  2.4
Fighting       | 3 |  3.3
Ranged Weapons | 5 |  5.3
Dodging        | |  1.9
Stealth        | |  1.5

Action                     |  1- 3 |  4- 6 || total
---------------------------+-------+-------++-------
  Melee: Dagger            |       |    63 ||    63
         Punch             |       |     3 ||     3
         Spear             |       |     7 ||     7
   Fire: Shortbow          |   105 |    96 ||   201
 Invoke: Heal Other        |       |     1 ||     1
Ability: Dig               |     1 |       ||     1
    Use: Scroll            |       |     3 ||     3
 Armour: Chain mail        |    51 |    86 ||   137
  Dodge: Dodged            |    36 |    71 ||   107
